 Dungeon Crawl Stone Soup version 0.21.1-1-g345015f (webtiles) character file.

1278 czar the Geomancer (level 8, -2/41 HPs)
             Began as a Gargoyle Earth Elementalist on Feb 7, 2018.
             Was an Initiate of Vehumet.
             Slain by Duvessa
             ... wielding a +0 short sword
              (16 damage)
             ... on level 6 of the Dungeon.
             The game lasted 00:33:33 (4776 turns).

czar the Geomancer (Gargoyle Earth Elementalist)    Turns: 4776, Time: 00:33:34

Health: -2/41      AC:  7    Str: 12    XL:     8   Next: 54%
Magic:  2/16       EV: 12    Int: 23    God:    Vehumet [......]
Gold:   166        SH:  0    Dex: 10    Spells: 14/18 levels left

rFire    . . .     SeeInvis .   w - +0 war axe
rCold    . . .     Gourm    .   (no shield)
rNeg     + . .     Faith    .   y - +0 robe (curse)
rPois    ∞         Spirit   .   (no helmet)
rElec    +         Reflect  .   (no cloak)
rCorr    .         Harm     .   (no gloves)
MR       +....                  (no boots)
Stlth    ++........             (no amulet)
HPRegen  0.13/turn              q - +5 ring of intelligence
MPRegen  0.15/turn              A - ring of protection from magic (curse)

@: no status effects
A: negative energy resistance 1, electricity resistance, unbreathing,
petrification resistance, rot immunity, AC +5
a: Renounce Religion


You were on level 6 of the Dungeon.
You worshipped Vehumet.
Vehumet was noncommittal.
You were hungry.

You visited 2 branches of the dungeon, and saw 7 of its levels.

You collected 166 gold pieces.

Inventory:

Hand Weapons
 w - a +0 war axe (weapon)
Missiles
 v - 14 stones (quivered)
Armour
 c - a +0 robe
 y - a cursed +0 robe (worn)
Jewellery
 q - a +5 ring of intelligence (left hand)
 A - a cursed ring of protection from magic (right hand)
Wands
 b - a wand of acid (7)
Scrolls
 a - 3 scrolls of teleportation
 g - 4 scrolls of remove curse
 h - 5 scrolls of identify
 k - a scroll of fog {unknown}
 l - a scroll of random uselessness {unknown}
 p - 2 scrolls of enchant weapon
 r - 2 scrolls of immolation {unknown}
 u - a scroll of magic mapping {unknown}
 z - a scroll of amnesia {unknown}
Potions
 f - a potion of curing {unknown}
 i - a potion of resistance {unknown}
 j - a potion of cancellation {unknown}
 m - a potion of heal wounds {unknown}
 n - a potion of degeneration {unknown}
 o - a potion of lignification {unknown}
 s - a potion of mutation {unknown}
 x - a potion of magic {unknown}
 B - a potion of might
Books
 e - a book of Geomancy

   Spells                             Type                      Level
   a - Sandblast                      Earth                        1
   b - Passwall                       Transmutation/Earth          2
   c - Stone Arrow                    Conjuration/Earth            3
   d - Petrify                        Transmutation/Earth          4
   e - Lee's Rapid Deconstruction     Earth                        5
 t - a book of Cantrips

   Spells                             Type                      Level
   a - Confusing Touch                Hexes                        1
   b - Animate Skeleton               Necromancy                   1
   c - Summon Small Mammal            Summoning                    1
   d - Apportation                    Translocation                1
Comestibles
 d - 6 rations


   Skills:
 - Level 1.5 Dodging
 - Level 2.1 Stealth
 + Level 5.8 Spellcasting
 + Level 5.4 Conjurations
   Level 0.7 Transmutations
 + Level 8.2 Earth Magic


You had 14 spell levels left.
You knew the following spells:

 Your Spells              Type           Power        Failure   Level  Hunger
a - Sandblast             Erth           #####.       1%          1    None
b - Stone Arrow           Conj/Erth      #####.       1%          3    #......


Dungeon Overview and Level Annotations

Branches:
Dungeon (6/15)             Temple (1/1) D:4

Altars:
Dithmenos
Elyvilon
Hepliaklqana
Nemelex Xobeh
Okawaru
Qazlal
Ru
Trog
Uskayaw
Vehumet
Wu Jian
Xom
Yredelemnul
The Shining One

Shops:
D:5 [[

Annotations:
D:6 Duvessa


Innate Abilities, Weirdness & Mutations

You are resistant to torment.
Your stone body is resilient. (AC +5)
You are immune to poison.
You resist negative energy. (rN+)
You are resistant to electric shocks. (rElec)
You can survive without breathing.
You are immune to petrification.
You are immune to rotting.


Message History

You don't have enough magic to cast that spell.
Casting: Stone Arrow
Confirm with . or Enter, or press ? or * to list all spells.
Aiming: Sandblast
Press: ? - help, Shift-Dir - straight line, f/p - Duvessa
Aim: Duvessa, wielding a short sword and wearing a scale mail (moderately wounded, berserk, fast, unusually strong)
The blast of sand hits Duvessa.
Duvessa is heavily wounded.
v - 14 stones Duvessa hits you with a short sword!
You are feeling hungry.
Duvessa hits you with a short sword. Duvessa completely misses you.
Duvessa closely misses you.
Duvessa rages.
Duvessa hits you but does no damage. Duvessa hits you with a short sword!
Duvessa rages.
Duvessa hits you with a short sword!
You die...

#......###.#
#........#.#
#..........#
#.....)....#
#..........#
##.......<##
#.........#
##........#
##.#####@##
### ##e.#
##...#
###....#
##......#
##.......#
#........#
.......
#........##
.......
#.........#
!...e..


You could see Duvessa (berserk).

Vanquished Creatures
  Pikel (D:5)
  Sigmund (D:6)
  An ice beast (D:5)
  A scorpion (D:4)
  Dowan (D:6)
  An orc priest (D:5)
  2 hounds
  3 orc wizards
  An iguana (D:5)
  3 worker ants
  A howler monkey zombie (D:5)
  7 adders
  A shadow imp (D:5)
  An adder skeleton (D:6)
  A worm (D:2)
  4 leopard geckos
  18 orcs
  3 giant cockroaches
  9 hobgoblins
  6 jackals
  5 kobolds
  A quokka (D:5)
  12 bats
  4 frilled lizards
  6 goblins
  A leopard gecko zombie (D:5)
  9 rats
  A spectral orc (D:2)
105 creatures vanquished.

Vanquished Creatures (others)
  A bullfrog skeleton (D:5)
  A worker ant zombie (D:5)
2 creatures vanquished.

Grand Total: 107 creatures vanquished

Notes
Turn   | Place    | Note
-------+----------+-------------------------------------------
     0 | D:1      | czar the Gargoyle Earth Elementalist began the quest for the Orb.
     0 | D:1      | Reached XP level 1. HP: 10/10 MP: 3/3
   163 | D:1      | Reached XP level 2. HP: 14/15 MP: 0/5
   194 | D:1      | Reached skill level 4 in Earth Magic
   745 | D:2      | Reached XP level 3. HP: 19/19 MP: 5/7
   910 | D:2      | Reached XP level 4. HP: 16/24 MP: 5/8
   988 | D:2      | Reached skill level 5 in Earth Magic
  1078 | D:2      | Found a basalt altar of Yredelemnul.
  1142 | D:2      | Noticed a necrophage
  1355 | D:3      | Learned a level 3 spell: Stone Arrow
  1508 | D:3      | Reached XP level 5. HP: 28/28 MP: 3/10
  2002 | D:3      | Found a glowing golden altar of the Shining One.
  2400 | D:4      | Reached skill level 1 in Conjurations
  2615 | D:4      | Reached XP level 6. HP: 31/32 MP: 7/11
  2668 | D:4      | Reached skill level 6 in Earth Magic
  2862 | D:4      | Found an iron altar of Okawaru.
  2999 | D:4      | Found a staircase to the Ecumenical Temple.
  3232 | Temple   | Entered the Ecumenical Temple
  3262 | Temple   | Became a worshipper of Vehumet
  3332 | D:5      | Entered Level 5 of the Dungeon
  3332 | D:5      | Found Fefadase's Antique Armour Boutique.
  3437 | D:5      | Found a bloodstained altar of Trog.
  3460 | D:5      | Noticed an ice beast
  3582 | D:5      | Found a stormy altar of Qazlal.
  3640 | D:5      | Found a sacrificial altar of Ru.
  3643 | D:5      | Found a shimmering altar of Xom.
  3680 | D:5      | Killed an ice beast
  3680 | D:5      | Reached XP level 7. HP: 21/36 MP: 2/13
  3807 | D:5      | Found Jiboeb's Antique Armour Shop.
  3857 | D:5      | Found a sparkling altar of Nemelex Xobeh.
  4016 | D:5      | Noticed Pikel
  4025 | D:6      | Noticed Sigmund
  4030 | D:5      | Killed Pikel
  4030 | D:5      | Reached skill level 5 in Spellcasting
  4030 | D:5      | Reached skill level 5 in Conjurations
  4030 | D:5      | Reached skill level 7 in Earth Magic
  4030 | D:5      | Reached XP level 8. HP: 37/41 MP: 2/16
  4171 | D:5      | Noticed a two-headed ogre
  4693 | D:6      | Killed Sigmund
  4693 | D:6      | Reached skill level 8 in Earth Magic
  4745 | D:6      | Noticed Duvessa
  4745 | D:6      | Noticed Dowan
  4755 | D:6      | Killed Dowan
  4776 | D:6      | Slain by Duvessa

Skill      XL: |  1  2  3  4  5  6  7  8 |
---------------+-------------------------+-----
Earth Magic    | 4 5 6 7 8 |  8.2
Spellcasting   | 3 4 5 |  5.8
Conjurations   | 1 3 5 |  5.4
Dodging        | |  1.5
Stealth        | |  2.1
Transmutations | |  0.7

Action                   |  1- 3 |  4- 6 |  7- 9 || total
-------------------------+-------+-------+-------++-------
Melee: Unarmed           |       |    22 |       ||    22
       War axe           |       |       |     1 ||     1
 Cast: Sandblast         |    32 |    79 |    13 ||   124
       Stone Arrow       |       |    23 |    15 ||    38
  Use: Scroll            |       |     3 |     1 ||     4
  Eat: Ration            |       |     3 |     1 ||     4
Armor: Robe              |     2 |    25 |     2 ||    29
Dodge: Dodged            |     4 |    48 |    14 ||    66
